 Dungeon Crawl Stone Soup version 0.27.0-1-g7a089689b8 (webtiles) character file.

Game seed: 806309602042651759

887007 simples the Conqueror (level 27, -1/191 HPs)
             Began as a Minotaur Berserker on Aug 17, 2021.
             Was the Champion of the Shining One.
             Slain by a stone giant (46 damage)
             ... created by the rage of Trog
             ... in Pandemonium.
             The game lasted 02:49:53 (85275 turns).

simples the Conqueror (Minotaur Berserker)         Turns: 85275, Time: 02:49:55

Health: -1/191     AC: 44    Str: 22 (25) XL:     27
Magic:  34/34      EV: 28    Int: -1      God:    the Shining One [******]
Gold:   7016       SH:  0    Dex: 29      Spells: 26/26 levels left

rFire    + + +     SeeInvis .   O - +9 executioner's axe (holy)
rCold    + + +     Faith    .   (shield currently unavailable)
rNeg     + + +     Spirit   .   j - +10 crystal plate armour
rPois    .         Reflect  .   Q - +0 hat "Vudic" {-Cast rElec Str+6}
rElec    +         Harm     .   L - +1 cloak of Starlight {*Dazzle EV+4 Stlth--}
rCorr    +         Rampage  .   q - +1 pair of gloves {archery}
Will     +++++     Clarity  +   x - +2 pair of boots "Lisee" {rC+++ rCorr Str-5 Stlth+} Stlth ..........NoCast +
                                p - necklace of Bloodlust {*Rage +Rage Will++ Int-3 Slay+6}
HPRegen  0.00/turn              Z - ring of the Rose {rF++ Dex+6}
MPRegen  0.24/turn              d - ring of protection from fire

@: unable to read, inhibited regen, slowed, lost intelligence, glowing, very
slow
A: horns 2, retaliatory headbutt, hooves 1, agile 1, clarity, deformed body,
dopey 1, frail 3, strong-willed 1, mutation resistance 1, passive freeze,
inhibited regeneration, inability to read while threatened
}: 9/15 runes: serpentine, barnacled, slimy, silver, abyssal, demonic, glowing,
fiery, dark
a: Renounce Religion, Evoke Berserk Rage, Divine Shield, Cleansing Flame, Summon
Divine Warrior


You were in Pandemonium.
You worshipped the Shining One.
The Shining One was exalted by your worship.
You visited 10 branches of the dungeon, and saw 52 of its levels.
You visited Pandemonium 2 times, and saw 14 of its levels.
You visited the Abyss 9 times.
You also visited: Ossuary, Bailey, Gauntlet and Wizlab.

You collected 12129 gold pieces.
You spent 5113 gold pieces at shops.

Inventory:

Hand Weapons
 O - a +9 executioner's axe of holy wrath (weapon)
Armour
 j - a +10 crystal plate armour (worn)
 q - a +1 pair of gloves of archery (worn)
 x - the +2 pair of boots "Lisee" (worn) {rC+++ rCorr Str-5 Stlth+}
   (You found it on level 12 of the Dungeon)

   Str:       It affects your strength (-5).
   rC:        It renders you almost immune to cold.
   rCorr:     It protects you from acid and corrosion.
   Stlth:     It makes you more stealthy.
 L - the +1 cloak of Starlight (worn) {*Dazzle EV+4 Stlth--}
   (You found it in a wizard's laboratory)

   It may blind those who miss an attack against the wearer in melee combat.
   EV:        It affects your evasion (+4).
   Stlth:     It makes you much less stealthy.
 Q - the +0 hat "Vudic" (worn) {-Cast rElec Str+6}
   (You found it on level 2 of the Snake Pit)

   Str:       It affects your strength (+6).
   rElec:     It insulates you from electricity.
   -Cast:     It prevents spellcasting.
Jewellery
 b - the ring of the Sky {rPois rN+ Int+2}
   (You acquired it on level 3 of the Snake Pit)

   [ring of positive energy]

   Int:       It affects your intelligence (+2).
   rPois:     It protects you from poison.
   rN:        It protects you from negative energy.
 c - the ring of Keecu {rElec rC+ rN+ SInv}
   (You found it on level 3 of the Crypt)

   [ring of see invisible]

   rC:        It protects you from cold.
   rElec:     It insulates you from electricity.
   rN:        It protects you from negative energy.
   SInv:      It lets you see invisible.
 d - a ring of protection from fire (right hand)
 l - the ring of Gotucim {+Blink rN+ rCorr Int+6 Dex-2}
   (You found it on level 1 of the Crypt)

   [ring of intelligence]

   Int:       It affects your intelligence (+6).
   Dex:       It affects your dexterity (-2).
   rN:        It protects you from negative energy.
   +Blink:    It lets you blink.
   rCorr:     It protects you from acid and corrosion.
 p - the necklace of Bloodlust (around neck) {*Rage +Rage Will++ Int-3 Slay+6}
   (You found it on level 3 of the Elven Halls)

   [amulet of nothing]

   It extends the wearer's berserk rage when killing foes.
   Int:       It affects your intelligence (-3).
   Slay:      It affects your accuracy & damage with ranged weapons and melee
   (+6).
   +Rage:     It lets you go berserk.
   *Rage:     It may make you go berserk in combat.
   Will:      It greatly increases your willpower.
 s - the ring "Toacoxufo" {rElec rN++ EV+4 Int+4 Dex-2}
   (You found it on level 3 of the Elven Halls)

   [ring of evasion]

   EV:        It affects your evasion (+4).
   Int:       It affects your intelligence (+4).
   Dex:       It affects your dexterity (-2).
   rElec:     It insulates you from electricity.
   rN:        It greatly protects you from negative energy.
 A - a ring of flight
 G - the ring "Wiank" {rPois EV+4 Str-5 Int+7}
   (You found it on level 5 of the Vaults)

   [ring of evasion]

   EV:        It affects your evasion (+4).
   Str:       It affects your strength (-5).
   Int:       It affects your intelligence (+7).
   rPois:     It protects you from poison.
 J - the ring "Ciwu" {rF++ rC+ Will+ Int-2 SInv}
   (You took it off an efreet in Pandemonium)

   [ring of willpower]

   Int:       It affects your intelligence (-2).
   rF:        It greatly protects you from fire.
   rC:        It protects you from cold.
   SInv:      It lets you see invisible.
   Will:      It increases your willpower.
 Z - the ring of the Rose (left hand) {rF++ Dex+6}
   (You found it in a bailey)

   [ring of dexterity]

   Dex:       It affects your dexterity (+6).
   rF:        It greatly protects you from fire.
Wands
 a - a wand of iceblast (11)
 h - a wand of digging (27)
 v - a wand of charming (9)
Scrolls
 f - 3 scrolls of enchant weapon
 g - 4 scrolls of silence
 i - 7 scrolls of blinking
 k - 2 scrolls of magic mapping
 r - 20 scrolls of teleportation
 t - 5 scrolls of holy word
 u - 7 scrolls of immolation
 w - 5 scrolls of fear
 y - a scroll of enchant armour
 K - 5 scrolls of brand weapon
 N - 5 scrolls of fog
 U - 51 scrolls of identify
Potions
 e - 3 potions of berserk rage
 m - 7 potions of might
 n - 17 potions of lignification
 o - 7 potions of resistance
 B - 8 potions of flight
 C - a potion of cancellation
 D - 3 potions of magic
 E - 9 potions of attraction
 H - 5 potions of brilliance
 S - 10 potions of heal wounds
 T - 19 potions of curing
 X - 8 potions of ambrosia


   Skills:
 O Level 27 Fighting
 - Level 26.5 Axes
 - Level 10.0 Throwing
 O Level 27 Armour
 O Level 27 Dodging
 + Level 17.9 Invocations


You had 26 spell levels left.
You didn't know any spells.
Your spell library contained the following spells:

 Spells                   Type           Power      Damage    Failure   Level
 Sandblast                Erth           0%         2d4       100%        1
 Passwall                 Tmut/Erth      0%         N/A       100%        2
 Static Discharge         Conj/Air       0%         N/A       100%        2
 Dispel Undead            Necr           0%         3d6       100%        4
 Sticky Flame             Conj/Fire      0%         2d3       100%        4
 Lee's Rapid Deconstruct  Erth           0%         3d5*      100%        5


Dungeon Overview and Level Annotations

Branches:
Dungeon (15/15)            Temple (0/1) D:6            Lair (6/6) D:9
 Shoals (4/4) Lair:4        Snake (4/4) Lair:4        Slime (5/5) Lair:5
    Orc (2/2) D:9             Elf (3/3) Orc:2        Vaults (5/5) D:13
  Crypt (3/3) Vaults:3       Tomb (0/3) Crypt:3      Depths (5/5) D:15
    Zot (0/5) Depths:5    Ossuary (visited)          Bailey (visited)
 WizLab (visited)         Gauntlet (visited)

Altars:
Ashenzari
Cheibriados
Elyvilon
Hepliaklqana
Kikubaaqudgha
Nemelex Xobeh
Okawaru
Qazlal
Ru
Sif Muna
Trog
Uskayaw
Vehumet
Wu Jian
Xom
Yredelemnul
Zin
The Shining One
Beogh
Jiyva

Shops:
D:6 (   Orc:2 :*(*   Elf:2 !   Shoals:3 (   Snake:3 !*(:   Vaults:1 (
Vaults:2 [   Vaults:3 (   Depths:1 ?!(*   Depths:3 ==:   Depths:4 =

Portals:
Hell: Depths:1 Depths:2 Depths:3 Depths:4 Depths:5
Abyss: Lair:1 Depths:4
Pandemonium: Orc:2 Depths:3 Depths:4
Ziggurat: Depths:2
Trove: Elf:3 (give 5 potions of resistance)

Annotations:
D:4 2 transporters
Lair:1 2 transporters, Xixaub Eqygg's ghost, journeyman DrTm
Lair:6 3 runed translucent doors, Nuepoake's ghost, journeyman NaTm
Shoals:2 exclusion: Roxanne, Roxanne
Shoals:3 2 runed translucent doors, tilp's ghost, adept GrEE
Elf:1 1 runed translucent door, Crownlay's ghost, adept DrCj
Depths:3 1 exclusion


Innate Abilities, Weirdness & Mutations

You have a pair of horns on your head.
You reflexively headbutt those who attack you in melee.
You have large cloven feet.
You are agile. (Dex +2)
You possess an exceptional clarity of mind.
Armour fits poorly on your strangely shaped body.
You are dopey. (Int -2)
You are extremely frail. (-30% HP)
You are strong-willed. (Will+)
You are somewhat resistant to further mutation.
A frigid envelope surrounds you and freezes all who hurt you.
You do not regenerate when monsters are visible.
You sometimes lose the ability to read scrolls when taking damage.


Message History

You headbutt the stone giant! The stone giant hits you!!!
You feel threatened and lose the ability to read scrolls!
The stone giant is very cold.
The stone giant is heavily wounded.
The cyclops completely misses you. You furiously retaliate!
You headbutt the cyclops.
The cyclops's vision is obscured by starry radiance!
The stone giant hits you.
The stone giant is very cold.
The stone giant is heavily wounded.
The stone giant completely misses you. You furiously retaliate!
You headbutt the stone giant! You hit the cyclops but do no damage.
Your headbutt misses the cyclops.
The cyclops is almost dead.
You slice the stone giant!! You slash the stone giant!
The stone giant misses you. You furiously retaliate!
You headbutt the stone giant, but do no damage.
The stone giant barely misses you. The stone giant hits you!!!
The stone giant is very cold.
The stone giant is severely wounded.
The stone giant barely misses you.
You are too injured to fight recklessly!
The stone giant hits you!!!
* * * LOW HITPOINT WARNING * * *
The stone giant is very cold.
The stone giant is severely wounded.
The stone giant hits you but does no damage.
There is an open door, spattered with blood here.
Unknown command.
Okay, then.
You cannot read scrolls in your current state!
You cannot read scrolls in your current state!
Unknown command.
You feel much better.
The cyclops is no longer blind.
The stone giant completely misses you. You furiously retaliate!
You headbutt the stone giant.
The stone giant hits you but does no damage.
The stone giant completely misses you.
The stone giant's sight is seared by the starlight!
The stone giant hits you!!!
You die...

#.....#.....#
###'###.....# ...
#.....+.....# ..
##.....#.....##+###'##
#......#.....#.......#
#......####'###......#
#.......#.....#......#
##.....##.....##C?...+
#.....'.......@CC...#
#######.......##C...#
#.......# ....#
##.....## #####
#.....# #######


You could see 2 stone giants and 2 cyclopes.

Vanquished Creatures
  Cerebov (Pan)
  the Royal Jelly (Slime:5)
  Gloorx Vloq (Pan)
  Mnoleg (Pan)
  3 ancient liches
  2 juggernauts
  Sojobo (Vaults:4)
  A royal mummy (Crypt:3)
  Margery (Crypt:3)
  Saint Roka (Depths:3)
  Frederick (Crypt:3)
  3 pandemonium lords (Pan)
  Bai Suzhen (Vaults:5)
  Xtahua (Vaults:2)
  A golden dragon (Depths:4)
  A profane servitor (Crypt:1)
  the Enchantress (Depths:5)
  4 bone dragons
  A pearl dragon (Pan)
  5 Brimstone Fiends (Pan)
  Rupert (D:13)
  2 Hell Sentinels (Pan)
  3 tentacled monstrosities (Vaults:5)
  4 liches
  3 titans (Vaults:5)
  4 deep elf blademasters
  A quicksilver dragon (Vaults:5)
  A deep elf master archer (Elf:3)
  2 eldritch tentacles
  Asterion (Lair:4)
  13 acid blobs
  3 tentacled starspawn
  3 krakens (Shoals:4)
  15 Executioners
  6 ancient champions
  6 shadow dragons
  7 sphinxes
  Polyphemus (Shoals:2)
  5 tengu reavers
  21 daevas (Pan)
  8 storm dragons
  2 revenants
  Ilsuiw (Shoals:2)
  6 rockslimes (Slime:5)
  8 frost giants
  3 nagarajas
  6 deep elf sorcerers
  10 azure jellies
  5 ghouls
  23 vault wardens
  4 ghost moths (Pan)
  5 warmongers (Pan)
  23 balrugs
  5 fire giants
  6 cacodemons (Pan)
  5 deep elf elementalists (Elf:3)
  2 orc warlords
  25 angels
  34 stone giants
  A draconian stormcaller (Depths:5)
  7 spriggan defenders
  3 curse skulls
  A draconian annihilator (Depths:5)
  5 reapers
  8 quicksilver oozes
  27 apis (Pan)
  22 very ugly things
  17 ophanim
  2 green draconians (Depths:5)
  2 blood saints (Pan)
  4 war gargoyles
  2 deep elf demonologists (Elf:3)
  2 corrupters (Pan)
  6 black suns (Pan)
  6 vampire knights
  7 deep elf annihilators
  4 dire elephants
  Azrael (D:13)
  7 lorocyprocas (Pan)
  3 black draconians
  14 ironbound preservers
  4 minotaurs
  2 entropy weavers
  A red draconian (Depths:5)
  5 spark wasps
  14 eidola
  A white draconian (Depths:5)
  A crystal guardian (Vaults:2)
  7 deep elf death magi
  10 ettins
  3 merfolk javelineers (Shoals:4)
  3 blizzard demons
  8 fire dragons
  5 jiangshi
  Josephine (D:15)
  8 merfolk impalers
  5 green deaths
  8 deep elf high priests
  45 vault guards
  2 quicksilver dragon skeletons
  5 monstrous demonspawn (Pan)
  6 rakshasas
  7 great orbs of eyes
  8 salamander tyrants
  3 boulder beetles
  A peacekeeper (Vaults:2)
  16 yaktaur captains
  Erolcha (D:13)
  4 ice dragons
  3 ironbound thunderhulks
  3 catoblepae
  4 hell beasts
  5 hydras
  11 anacondas
  2 ogre magi
  10 centaur warriors
  6 merfolk aquamancers
  3 alligator snapping turtles (Shoals:4)
  6 spriggan air magi
  14 naga warriors
  16 two-headed ogres
  4 merfolk avatars
  2 fenstrider witch skeletons (Crypt:2)
  8 ironbound frosthearts
  A two-headed ogre (shapeshifter) (Depths:5)
  33 dancing weapons
  9 deep troll shamans
  9 deep troll earth magi
  5 death yaks
  8 tengu warriors
  8 vampire magi
  A satyr (Shoals:4)
  Urug (Lair:1)
  5 orc high priests
  21 naga sharpshooters
  9 shock serpents
  26 soul eaters
  A storm dragon zombie (Crypt:1)
  A titan zombie (Crypt:3)
  10 spriggan berserkers
  2 thrashing horrors
  7 ironbound beastmasters
  52 sun demons
  8 hell knights
  Nergalle (Lair:1)
  12 deep elf knights
  12 iron trolls
  2 titan skeletons (Depths:3)
  A ghost moth zombie (Crypt:3)
  2 fire crabs
  10 salamander mystics
  4 wretched stars
  7 sixfirhies
  17 sea snakes
  A spatial maelstrom (Abyss:2)
  A golden dragon zombie (Vaults:4)
  8 skeletal warriors (Crypt:2)
  9 shadow wraiths
  6 gelid demonspawn
  16 cherubim
  11 flayed ghosts
  2 bog bodies
  3 torturous demonspawn (Pan)
  48 deep trolls
  2 anaconda zombies
  Pikel (D:7)
  4 glowing orange brains
  3 infernal demonspawn
  6 naga ritualists
  An obsidian statue (WizLab)
  A shadow dragon zombie (Depths:3)
  10 deep elf archers
  17 phantasmal warriors
  2 tengu zombies
  20 ironbound convokers
  15 lindwurms
  13 wizards
  7 orc knights
  13 harpies
  2 golden dragon skeletons
  45 ugly things
  19 deep elf zephyrmancers
  26 deep elf pyromancers
  20 necromancers
  A wolf spider zombie (Crypt:3)
  8 mana vipers
  3 shadow dragon skeletons
  8 orc sorcerers
  14 manticores
  7 fauns
  2 fire giant zombies
  2 harpies (shapeshifter)
  2 oklob plants (Lair:5)
  A sphinx zombie (Crypt:2)
  3 shining eyes
  3 centaur zombies
  An elephant (shapeshifter) (Depths:4)
  17 salamanders
  A stone giant skeleton (Crypt:3)
  A will-o-the-wisp (Abyss:2)
  35 cyclopes
  15 merfolk sirens
  3 frost giant skeletons
  3 rust devils
  2 stone giant zombies (Vaults:4)
  3 iron dragon skeletons
  3 worldbinders
  9 apocalypse crabs
  A moth of wrath (shapeshifter) (Vaults:5)
  50 black mambas
  2 dire elephant zombies
  A gargoyle (D:11)
  17 smoke demons
  8 naga magi
  4 water nymphs
  10 cane toads
  An eye of devastation (Slime:4)
  14 vault sentinels
  15 orange demons
  A kobold demonologist (Abyss:2)
  10 guardian serpents
  A cane toad (shapeshifter) (D:15)
  A torpor snail (Lair:5)
  A hellion (Pan)
  An elf skeleton (WizLab)
  14 komodo dragons
  2 rime drakes
  27 large abominations
  2 emperor scorpion zombies (Crypt:3)
  2 unseen horrors (Pan)
  62 yaktaurs
  A rime drake (shapeshifter) (Vaults:5)
  3 tormentors
  7 freezing wraiths
  2 ice devils
  7 tengu conjurers
  19 hellwings
  9 efreet
  3 demonic crawlers
  2 ancient zymes
  A hydra zombie (Crypt:3)
  5 guardian mummies
  23 red devils
  A jumping spider (Vaults:2)
  12 trolls
  33 merfolk
  A tengu simulacrum (Vaults:4)
  7 wind drakes
  A tyrant leech (shapeshifter) (Vaults:5)
  18 polar bears
  13 hornets
  A harpy zombie (Crypt:1)
  A troll (shapeshifter) (D:14)
  27 slime creatures
  A hydra skeleton (Crypt:3)
  12 snapping turtles
  14 raiju
  2 ettin zombies
  Grinder (D:3)
  2 harpy skeletons
  A snapping turtle (shapeshifter) (D:15)
  28 blink frogs
  3 fire dragon zombies
  A dream sheep (shapeshifter) (Vaults:5)
  A raiju (shapeshifter) (D:15)
  2 dream sheep (Lair:6)
  10 flying skulls (Crypt:1)
  4 air elementals
  2 centaur simulacra
  Sigmund (D:2)
  3 redbacks (Vaults:2)
  An ice dragon skeleton (Crypt:1)
  6 shadows
  26 water elementals
  A fire dragon skeleton (Crypt:3)
  20 spriggans
  50 starcursed masses
  3 wyverns
  11 ynoxinuls
  3 fire bats (Gauntlet)
  A vampire (Abyss:2)
  7 wraiths
  6 fire elementals
  An ushabti (Crypt:3)
  48 yaks
  2 golden eyes (Slime:5)
  3 basilisks
  10 humans (D:13)
  2 vampire mosquitoes (D:13)
  9 chaos spawn
  16 neqoxecs
  3 wargs
  7 spatial vortices
  A gelid demonspawn zombie (Crypt:1)
  2 acid dragons
  A harpy simulacrum (Gauntlet)
  38 nagas
  4 hell hounds (D:13)
  2 floating eyes (shapeshifter)
  16 water moccasins
  A sky beast (D:7)
  A meliai simulacrum (Gauntlet)
  23 black bears
  2 ice beasts
  42 orc warriors
  2 cane toad skeletons
  5 necrophages
  5 boggarts
  16 centaurs
  27 ogres
  A swamp dragon zombie (Crypt:1)
  27 wolves
  A centaur (shapeshifter) (Vaults:5)
  3 human skeletons
  A rime drake zombie (Crypt:1)
  4 phantoms
  6 snapping turtle skeletons
  13 bullfrogs
  A rime drake skeleton (Crypt:2)
  3 kobold brigands
  5 earth elementals
  A wyvern zombie (D:9)
  A gnoll sergeant (D:8)
  4 small abominations
  A yaktaur skeleton (Crypt:2)
  6 wyvern skeletons
  2 water moccasin skeletons
  A raiju zombie (Crypt:1)
  A shapeshifter zombie (Crypt:1)
  13 killer bees
  A raiju skeleton (Crypt:1)
  A spriggan skeleton (Crypt:1)
  11 wights
  4 howler monkeys
  A yak skeleton (Crypt:1)
  4 electric eels (D:9)
  A jelly (D:8)
  A human simulacrum (Vaults:4)
  5 hounds (D:9)
  A human zombie (Crypt:3)
  24 orc priests
  A centaur skeleton (Crypt:1)
  2 iron imps (Abyss:2)
  10 iguanas
  Natasha (thrice) (D:3)
  A scorpion zombie (D:5)
  23 orc wizards
  Terence (D:2)
  A killer bee zombie (D:7)
  An ogre zombie (Crypt:3)
  9 mummies
  A hound skeleton (D:4)
  A howler monkey zombie (D:5)
  Robin (D:3)
  21 gnolls
  7 adders
  4 shadow imps
  2 white imps
  4 ufetubi
  A worm zombie (Crypt:1)
  3 adder zombies (Ossuary)
  An adder skeleton (Crypt:2)
  2 dart slugs (D:4)
  84 orcs
  3 endoplasms
  3 giant cockroaches
  A gnoll zombie (Ossuary)
  27 goblins
  18 hobgoblins
  10 jackals
  19 kobolds
  3 quokkas
  2 ball pythons
  10 bats
  2 frilled lizards
  A goblin zombie (Ossuary)
  A hobgoblin skeleton (Crypt:1)
  5 hobgoblin zombies (Ossuary)
  A kobold zombie (Ossuary)
  An orc skeleton (Crypt:2)
  An orc zombie (Crypt:3)
  5 quokka zombies (Ossuary)
  6 rats
  2 rat zombies (Ossuary)
  A lurking horror (WizLab)
  2 starspawn tentacles (WizLab)
  8 tentacles (Shoals:4)
2932 creatures vanquished.

Vanquished Creatures (collateral kills)
  A seraph (Pan)
  Mara (Vaults:4)
  Jorgrun (Orc:2)
  2 acid blobs (Slime:5)
  An azure jelly (Slime:5)
  5 rockslimes (Slime:5)
  A vault warden (Vaults:5)
  2 quicksilver oozes (Slime:5)
  A spriggan defender (Depths:4)
  A stone giant (Vaults:5)
  An ophan (Abyss:3)
  A dire elephant (Vaults:4)
  A yaktaur captain (Vaults:4)
  A naga warrior (Snake:1)
  A boulder beetle (D:11)
  2 catoblepae
  A merfolk avatar (Shoals:2)
  A two-headed ogre (D:8)
  2 orc high priests (Orc:2)
  Sonja (Lair:1)
  2 soul eaters (Pan)
  An infernal demonspawn (Pan)
  A torturous demonspawn (Pan)
  An ironbound convoker (Vaults:4)
  2 ugly things
  An oklob plant (Lair:5)
  An orc sorcerer (Orc:2)
  A cyclops (Pan)
  2 orc knights (Orc:2)
  2 vault sentinels
  A yaktaur (Vaults:4)
  A troll (D:10)
  A merfolk (Shoals:2)
  A hornet (Lair:6)
  A blink frog (Lair:4)
  5 slime creatures (Slime:5)
  A yak (D:10)
  A spriggan (Lair:6)
  4 golden eyes (Slime:5)
  A basilisk (Lair:4)
  A warg (Orc:2)
  A water moccasin (Lair:5)
  5 orc warriors
  A black bear (Lair:6)
  A boggart (Lair:6)
  A wolf (Lair:6)
  A gnoll sergeant (D:10)
  2 killer bees (D:10)
  2 wights (D:8)
  2 orc priests (Orc:2)
  2 gnolls
  2 orcs (Orc:2)
  A goblin (Bailey)
  A hobgoblin (Bailey)
82 creatures vanquished.

Vanquished Creatures (others)
  A fire giant (Depths:2)
  A deep elf demonologist (Elf:3)
  A yaktaur captain (Vaults:5)
  A naga ritualist (Snake:2)
  3 wizards
  A salamander (Snake:1)
  A guardian serpent (Snake:4)
  A slime creature (D:13)
  A bullfrog skeleton (D:7)
  An orc (D:8)
  A demonic plant (Gauntlet)
  12 foxfires (Abyss:2)
  78 fungi
  140 plants
  4 starspawn tentacles
  17 tentacles (Shoals:4)
  35 withered plants
299 creatures vanquished.

Grand Total: 3313 creatures vanquished

Notes
Turn   | Place    | Note
-------+----------+-------------------------------------------
     0 | D:1      | simples the Minotaur Berserker began the quest for the Orb.
     0 | D:1      | Reached XP level 1. HP: 19/19 MP: 0/0
   176 | D:1      | Reached XP level 2. HP: 25/27 MP: 1/1
   594 | D:1      | Reached ** piety under Trog
   595 | D:1      | Reached XP level 3. HP: 23/33 MP: 2/2
  1024 | D:2      | Noticed Sigmund
  1035 | D:2      | Killed Sigmund
  1036 | D:2      | Reached skill level 5 in Axes
  1036 | D:2      | Reached XP level 4. HP: 40/41 MP: 3/3
  1036 | D:2      | Reached XP level 5. HP: 46/47 MP: 4/4
  1166 | D:2      | Found a faded altar of an unknown god.
  1541 | D:2      | Noticed Terence
  1573 | D:2      | Killed Terence
  2043 | D:3      | Reached skill level 5 in Fighting
  2087 | D:3      | Found a snail-covered altar of Cheibriados.
  2114 | D:3      | Found a bloodstained altar of Trog.
  2271 | D:3      | Reached XP level 6. HP: 52/56 MP: 5/5
  2300 | D:3      | Found a shimmering altar of Xom.
  2608 | D:3      | Noticed Grinder
  2612 | D:3      | Noticed Robin
  2625 | D:3      | Killed Grinder
  2629 | D:3      | Killed Robin
  2630 | D:3      | Reached XP level 7. HP: 44/61 MP: 6/6
  2839 | D:3      | Noticed Natasha
  2854 | D:3      | Killed Natasha
  2935 | D:3      | Reached *** piety under Trog
  2989 | D:3      | Noticed Natasha
  2995 | D:3      | Killed Natasha
  3066 | D:3      | Noticed Natasha
  3068 | D:3      | Killed Natasha
  3265 | D:4      | Reached skill level 5 in Armour
  3341 | D:4      | Found a transporter.
  3384 | D:4      | Found a transporter.
  3474 | D:4      | Reached XP level 8. HP: 57/70 MP: 7/7
  3717 | D:4      | Reached skill level 5 in Dodging
  4118 | D:5      | Entered Level 5 of the Dungeon
  4180 | D:5      | Found an ancient bone altar of Kikubaaqudgha.
  4186 | D:5      | Found a shimmering blue altar of Sif Muna.
  4315 | D:5      | Found a glowing silver altar of Zin.
  4991 | D:6      | Reached **** piety under Trog
  5338 | D:6      | Found a glowing golden altar of the Shining One.
  5513 | D:6      | Found a staircase to the Ecumenical Temple.
  5570 | D:6      | Found Sitecoe's Antique Weapon Shop.
  5625 | D:7      | Noticed Pikel
  5633 | D:7      | Killed Pikel
  5634 | D:7      | Reached XP level 9. HP: 79/79 MP: 8/8
  5637 | D:7      | Reached skill level 10 in Axes
  5653 | D:7      | Found a sand-covered staircase.
  5662 | Ossuary  | Entered an ossuary
  6182 | D:7      | Found an ornate altar of the Wu Jian Council.
  6190 | D:7      | Reached ***** piety under Trog
  6373 | D:7      | Found a sparkling altar of Nemelex Xobeh.
  7096 | D:7      | Found a hazy altar of Hepliaklqana.
  7295 | D:7      | Identified the +8 long sword of Dung {freeze, *Corrode
                  | Dex+4}
  7948 | D:8      | Reached XP level 10. HP: 73/90 MP: 9/9
  8170 | D:8      | Noticed a two-headed ogre
  8180 | D:8      | Killed a two-headed ogre
  9803 | D:9      | Found a staircase to the Lair.
 10048 | D:9      | Found a white marble altar of Elyvilon.
 10258 | D:9      | Identified the ring "Otiol" {rC+ MP+9 Str+3}
 10479 | D:9      | Found a staircase to the Orcish Mines.
 10611 | D:10     | Entered Level 10 of the Dungeon
 11289 | D:10     | Found a radiant altar of Vehumet.
 11377 | D:10     | Found a hide-covered altar of Uskayaw.
 12083 | D:10     | Reached XP level 11. HP: 59/95 MP: 10/10
 12650 | D:11     | Reached skill level 15 in Axes
 13096 | D:11     | Noticed a brown ugly thing
 13109 | D:11     | Killed a brown ugly thing
 13109 | D:11     | Received a gift from Trog
 13572 | D:11     | Noticed a boulder beetle
 13586 | D:11     | Killed a boulder beetle
 13989 | Lair:1   | Entered Level 1 of the Lair of Beasts
 14084 | Lair:1   | Noticed Urug
 14098 | Lair:1   | Killed Urug
 14649 | Lair:1   | Identified the +1 chain mail of the Thunderstorm {rElec}
 14660 | Lair:1   | Noticed Sonja
 14687 | Lair:1   | Noticed Nergalle
 14690 | Lair:1   | Noticed a four-headed hydra
 15122 | Lair:1   | Killed Nergalle
 15177 | Lair:1   | Cast into level 2 of the Abyss (Sonja)
 15293 | Lair:1   | Escaped the Abyss
 15404 | Lair:1   | Killed a one-headed hydra
 15897 | Lair:1   | Killed Sonja
 16235 | Lair:1   | Found a transporter.
 16241 | Lair:1   | Noticed a spriggan rider
 16272 | Lair:1   | Noticed Xixaub Eqygg's ghost (journeyman DrTm)
 16273 | Lair:1   | Noticed a fenstrider witch
 16274 | Lair:1   | Noticed a fire giant
 16274 | Lair:1   | a fenstrider witch changed into a fire giant
 16345 | Lair:1   | Found a one-way gate to the infinite horrors of the Abyss.
 16345 | Lair:1   | Noticed a goliath frog
 16354 | Lair:1   | Noticed an ice dragon
 16360 | Lair:1   | Found a transporter.
 16362 | Lair:1   | Noticed an entropy weaver
 16365 | Lair:1   | Noticed a hell hog
 16470 | Lair:1   | Noticed an emperor scorpion
 16522 | Lair:2   | Noticed a five-headed hydra
 16529 | Lair:2   | Killed a one-headed hydra
 16841 | Lair:2   | Reached XP level 12. HP: 87/103 MP: 11/11
 18976 | Lair:3   | Noticed an eight-headed hydra
 18985 | Lair:3   | Killed a four-headed hydra
 20095 | Lair:4   | Reached skill level 10 in Fighting
 20189 | Lair:4   | Reached XP level 13. HP: 62/113 MP: 12/12
 20801 | Lair:4   | Found a staircase to the Snake Pit.
 21446 | Lair:4   | Identified 3 scrolls of acquirement
 21450 | Lair:4   | Acquired a +2 pair of boots of stealth
 21459 | Lair:4   | Acquired a +0 hat of intelligence
 21653 | Lair:4   | Found a staircase to the Shoals.
 22371 | Lair:5   | Reached skill level 10 in Armour
 22706 | Lair:5   | Found a viscous altar of Jiyva.
 22706 | Lair:5   | Found a staircase to the Slime Pits.
 22830 | Lair:6   | Entered Level 6 of the Lair of Beasts
 23846 | Lair:6   | Found a runed translucent gate.
 23846 | Lair:6   | Found a runed translucent gate.
 23846 | Lair:6   | Found a runed translucent gate.
 23859 | Lair:6   | Noticed Nuepoake's ghost (journeyman NaTm)
 24185 | Lair:6   | Received a gift from Trog
 24186 | Lair:6   | Reached skill level 10 in Dodging
 24506 | Lair:6   | Reached XP level 14. HP: 129/129 MP: 13/13
 25375 | Orc:1    | Entered Level 1 of the Orcish Mines
 26155 | Orc:1    | Found a shimmering blue altar of Sif Muna.
 26228 | Orc:2    | Entered Level 2 of the Orcish Mines
 26263 | Orc:2    | Found Hysoeck's General Store.
 26641 | Orc:2    | Found a staircase to the Elven Halls.
 26649 | Orc:2    | Received a gift from Trog
 26663 | Orc:2    | Gained mutation: Potions are less effective at restoring
                  | your health. [a neqoxec]
 26748 | Orc:2    | Found Umabopuuch's General Store.
 26781 | Orc:2    | Bought a potion of heal wounds for 85 gold pieces
 26783 | Orc:2    | Bought a scroll of teleportation for 33 gold pieces
 26783 | Orc:2    | Bought a scroll of teleportation for 33 gold pieces
 26783 | Orc:2    | Bought a potion of mutation for 88 gold pieces
 27592 | Orc:2    | Noticed Jorgrun
 27602 | Orc:2    | Killed Jorgrun
 28066 | Orc:2    | Found Toqyggo's Book Shop.
 28066 | Orc:2    | Found Teurismo's Antique Weapon Boutique.
 28075 | Orc:2    | Found a one-way gate leading to the halls of Pandemonium.
 28079 | Orc:2    | Reached skill level 15 in Fighting
 29086 | D:12     | Found a flagged portal.
 29092 | D:12     | Identified the +6 hand axe of Uhipeed {venom, rElec MP+9
                  | Str+4 SInv}
 29096 | Bailey   | Entered a bailey
 29475 | Bailey   | Reached ****** piety under Trog
 29497 | Bailey   | Noticed an orc warlord
 29518 | Bailey   | Killed an orc warlord
 29709 | Bailey   | Identified the ring of the Rose {rF++ Dex+6}
 29755 | Bailey   | Acquired the +7 executioner's axe of Xuuzusyk {vorpal, rC+
                  | Str+4}
 29772 | Bailey   | Acquired a scarf of repulsion
 29977 | D:12     | Found a stormy altar of Qazlal.
 30043 | D:12     | Identified the ring of Atoceavy {rPois Str+3}
 30125 | D:12     | Identified the +2 pair of boots "Lisee" {rC+++ rCorr Str-5
                  | Stlth+}
 30170 | D:12     | Reached XP level 15. HP: 143/143 MP: 14/14
 30171 | D:12     | Reached XP level 16. HP: 152/152 MP: 15/15
 30172 | D:12     | Reached XP level 17. HP: 161/161 MP: 16/16
 30319 | D:13     | Received a gift from Trog
 30340 | D:13     | Noticed Azrael
 30353 | D:13     | Killed Azrael
 30355 | D:13     | Found a gate leading to a gauntlet.
 30361 | Gauntlet | Entered a Gauntlet
 30361 | Gauntlet | Found a transporter.
 30413 | Gauntlet | Found a transporter.
 30428 | Gauntlet | Found a transporter.
 30430 | Gauntlet | Found a large runed translucent door.
 30431 | Gauntlet | Found a large runed translucent door.
 30432 | Gauntlet | Found a large runed translucent door.
 30432 | Gauntlet | Found a large runed translucent door.
 30432 | Gauntlet | Found a runed translucent door.
 30433 | Gauntlet | Found a transporter.
 30434 | Gauntlet | Found a runed translucent door.
 30435 | Gauntlet | Found a large runed translucent door.
 30435 | Gauntlet | Found a large runed translucent door.
 30436 | Gauntlet | Found a large runed translucent door.
 30437 | Gauntlet | Found a large runed translucent door.
 30443 | Gauntlet | Found a large runed translucent door.
 30443 | Gauntlet | Found a large runed translucent door.
 30444 | Gauntlet | Found a large runed translucent door.
 30444 | Gauntlet | Found a large runed translucent door.
 30445 | Gauntlet | Found a large runed translucent door.
 30445 | Gauntlet | Found a large runed translucent door.
 30446 | Gauntlet | Found a runed translucent gate.
 30446 | Gauntlet | Found a runed translucent gate.
 30446 | Gauntlet | Found a runed translucent gate.
 30448 | Gauntlet | Found a transporter.
 30458 | Gauntlet | Found a large runed translucent door.
 30459 | Gauntlet | Found a large runed translucent door.
 30467 | Gauntlet | Found a transporter.
 30479 | Gauntlet | Found a transporter.
 30485 | Gauntlet | Found a transporter.
 30500 | Gauntlet | Found a transporter.
 30512 | Gauntlet | Found a transporter.
 30530 | Gauntlet | Found a transporter.
 30536 | Gauntlet | Found a transporter.
 30573 | Gauntlet | Found a transporter.
 30580 | Gauntlet | Found a transporter.
 30608 | Gauntlet | Found a transporter.
 30610 | Gauntlet | Found a transporter.
 30643 | Gauntlet | Found a transporter.
 30666 | Gauntlet | Found a transporter.
 30670 | Gauntlet | Identified the ring "Coypiny" {rPois rF- rCorr Int+2
                  | Slay+3}
 30751 | Gauntlet | Identified the -2 pair of gloves of Peruck {Stlth+}
 30832 | Gauntlet | Identified the +0 cloak of Jianoemosi {rC+ Int+3 SInv}
 30832 | Gauntlet | Identified the +5 flail "Igaudouc" {vorpal, rN+}
 31032 | D:13     | Reached XP level 18. HP: 97/170 MP: 17/17
 31329 | D:13     | Noticed Rupert
 31329 | D:13     | Paralysed by Rupert for 4 turns
 31337 | D:13     | Paralysed by Rupert for 2 turns
 31345 | D:13     | Killed Rupert
 31575 | D:13     | Found a gate to the Vaults.
 31667 | D:13     | Found a broken altar of Ashenzari.
 31781 | D:13     | Noticed Erolcha
 31790 | D:13     | Killed Erolcha
 32501 | D:14     | Received a gift from Trog
 33241 | D:15     | Entered Level 15 of the Dungeon
 33988 | D:15     | Found a staircase to the Depths.
 34481 | D:15     | Reached skill level 15 in Armour
 34580 | D:15     | Noticed Josephine
 34583 | D:15     | Killed Josephine
 35791 | Snake:1  | Entered Level 1 of the Snake Pit
 35791 | Snake:1  | Noticed Asterion
 35799 | Lair:4   | Killed Asterion
 37754 | Snake:1  | Found an ornate altar of the Wu Jian Council.
 38544 | Snake:2  | Received a gift from Trog
 39786 | Snake:1  | Acquired 562 gold pieces
 40009 | Snake:2  | Identified the +0 hat "Vudic" {-Cast rElec Str+6}
 40141 | Snake:2  | Reached XP level 19. HP: 168/182 MP: 18/18
 40730 | Snake:3  | Received a gift from Trog
 40838 | Snake:3  | Found Utejyqok's Antique Weapon Boutique.
 40840 | Snake:3  | Found Wefi Are's Assorted Antiques.
 40843 | Snake:3  | Found Yju Zut's Distillery.
 40849 | Snake:3  | Bought a scroll of acquirement for 1560 gold pieces
 40849 | Snake:3  | Bought a wand of digging (4) for 240 gold pieces
 40851 | Snake:3  | Bought a potion of lignification for 60 gold pieces
 40851 | Snake:3  | Bought a potion of curing for 60 gold pieces
 40851 | Snake:3  | Bought a potion of curing for 60 gold pieces
 40851 | Snake:3  | Bought a potion of curing for 60 gold pieces
 40851 | Snake:3  | Bought a potion of curing for 60 gold pieces
 40851 | Snake:3  | Bought a potion of attraction for 60 gold pieces
 40853 | Snake:3  | Acquired 1149 gold pieces
 40860 | Snake:3  | Acquired the ring of the Sky {rPois rN+ Int+2}
 42123 | Snake:3  | Found Ureuwed's Book Shoppe.
 42363 | Snake:4  | Entered Level 4 of the Snake Pit
 42396 | Snake:4  | Found an iron altar of Okawaru.
 42708 | Snake:4  | Reached skill level 15 in Dodging
 43542 | Snake:4  | Received a gift from Trog
 44781 | Snake:4  | Received a gift from Trog
 44787 | Snake:4  | Got a serpentine rune of Zot
 45044 | Shoals:1 | Entered Level 1 of the Shoals
 46087 | Shoals:2 | Reached XP level 20. HP: 178/193 MP: 19/19
 46110 | Shoals:2 | Received a gift from Trog
 46148 | Shoals:2 | Noticed Ilsuiw
 46212 | Shoals:2 | Noticed Polyphemus
 46212 | Shoals:2 | Noticed Roxanne
 46666 | Vaults:1 | Entered Level 1 of the Vaults
 47326 | Vaults:1 | Identified the +6 dagger "Toaruexa" {vorpal, +Blink rElec
                  | rPois}
 47335 | Vaults:1 | Paralysed by a great orb of eyes for 7 turns
 47445 | Vaults:1 | Found Edotirghy's Antique Weapon Emporium.
 48248 | Vaults:2 | Cast into level 3 of the Abyss (a wizard)
 48316 | Abyss:3  | Found a snail-covered altar of Cheibriados.
 48350 | Abyss:3  | Found a glowing golden altar of the Shining One.
 48385 | Abyss:3  | Noticed a juggernaut
 48399 | Abyss:3  | Killed a juggernaut
 48402 | Abyss:3  | Got an abyssal rune of Zot
 48582 | Vaults:2 | Escaped the Abyss
 48635 | Vaults:1 | Lost mutation: Potions are less effective at restoring your
                  | health. [potion of mutation]
 48635 | Vaults:1 | Gained mutation: You sometimes lose the ability to read
                  | scrolls when taking damage. [potion of mutation]
 48636 | Vaults:1 | Lost mutation: You sometimes lose the ability to read
                  | scrolls when taking damage. [potion of mutation]
 48636 | Vaults:1 | Gained mutation: You evolve. [potion of mutation]
 48636 | Vaults:1 | Gained mutation: You are robust. (+10% HP) [potion of
                  | mutation]
 48636 | Vaults:1 | Gained mutation: You are partially covered in iridescent
                  | scales. (AC +2) [potion of mutation]
 48872 | Vaults:2 | Identified the +9 battleaxe "Baxepn" {vorpal, rCorr Str+3}
                  | (Trog gifted it to you on level 2 of the Vaults)
 48872 | Vaults:2 | Received a gift from Trog
 49025 | Vaults:2 | Reached XP level 21. HP: 115/223 MP: 20/20
 49207 | Vaults:2 | Gained mutation: You possess an exceptional clarity of
                  | mind. [evolution]
 49471 | Vaults:2 | Noticed Xtahua
 49487 | Vaults:2 | Killed Xtahua
 49571 | Vaults:2 | Found Demy's Armour Boutique.
 51101 | Vaults:3 | Found a staircase to the Crypt.
 51143 | Vaults:3 | Found Vuguo's Antique Weapon Shoppe.
 51780 | Vaults:4 | Noticed Sojobo
 51802 | Vaults:4 | Killed Sojobo
 52133 | Vaults:4 | Cast into level 2 of the Abyss (a wizard)
 52140 | Vaults:4 | Escaped the Abyss
 52182 | Vaults:4 | Received a gift from Trog
 52356 | Vaults:4 | Noticed Mara
 52364 | Vaults:4 | Noticed simples's illusion
 52371 | Vaults:4 | Killed Mara
 52372 | Vaults:4 | Reached XP level 22. HP: 224/235 MP: 21/21
 52554 | Vaults:4 | Identified the +7 battleaxe "Qiedwiy" {flame, Fragile Will+
                  | Str+4} (Trog gifted it to you on level 4 of the Vaults)
 52554 | Vaults:4 | Received a gift from Trog
 52555 | Vaults:4 | Cast into level 3 of the Abyss (a deep elf sorcerer)
 52584 | Vaults:4 | Escaped the Abyss
 53905 | Depths:1 | Entered Level 1 of the Depths
 53908 | Depths:1 | Found Voneasen's Assorted Antiques.
 53915 | Depths:1 | Bought a scroll of teleportation for 78 gold pieces
 53915 | Depths:1 | Bought 2 potions of curing for 156 gold pieces
 54024 | Depths:1 | Found a sacrificial altar of Ru.
 54180 | Depths:1 | Found Lupsefu's Magic Scroll Emporium.
 54183 | Depths:1 | Found a gateway to Hell.
 54211 | Depths:1 | Bought a scroll of teleportation for 60 gold pieces
 54211 | Depths:1 | Bought a scroll of teleportation for 60 gold pieces
 54211 | Depths:1 | Bought a scroll of acquirement for 1040 gold pieces
 54211 | Depths:1 | Bought a scroll of enchant armour for 150 gold pieces
 54211 | Depths:1 | Bought a scroll of magic mapping for 70 gold pieces
 54211 | Depths:1 | Bought a scroll of silence for 150 gold pieces
 54211 | Depths:1 | Bought a scroll of fog for 40 gold pieces
 54212 | Depths:1 | Acquired 465 gold pieces
 54252 | Depths:1 | Found Ogiran's Distillery.
 54260 | Depths:1 | Identified the +10 plate armour of the Accordion {rElec
                  | rPois Int+3}
 54265 | Depths:1 | Found Jistuewn's Antique Weapon Boutique.
 54267 | Depths:1 | Bought a potion of heal wounds for 60 gold pieces
 54267 | Depths:1 | Bought a potion of heal wounds for 60 gold pieces
 54267 | Depths:1 | Bought a potion of might for 48 gold pieces
 54267 | Depths:1 | Bought a potion of might for 48 gold pieces
 54267 | Depths:1 | Bought a potion of might for 48 gold pieces
 54267 | Depths:1 | Bought 2 potions of might for 96 gold pieces
 54267 | Depths:1 | Bought a potion of curing for 36 gold pieces
 54267 | Depths:1 | Bought a potion of flight for 36 gold pieces
 54267 | Depths:1 | Bought a potion of ambrosia for 96 gold pieces
 54267 | Depths:1 | Bought a potion of ambrosia for 96 gold pieces
 54712 | Depths:2 | Identified the +11 executioner's axe "Ruhe" {vorpal, rF-
                  | rN++} (Trog gifted it to you on level 2 of the Depths)
 54712 | Depths:2 | Received a gift from Trog
 54932 | Depths:2 | Paralysed by a floating eye for 2 turns
 55256 | Depths:2 | Paralysed by something for 7 turns
 55540 | Depths:2 | Found a gateway to a ziggurat.
 56078 | Depths:3 | Received a gift from Trog
 56244 | Depths:3 | Reached XP level 23. HP: 238/239 MP: 22/22
 56371 | Depths:3 | Noticed Saint Roka
 56397 | Depths:3 | Killed Saint Roka
 56659 | Depths:3 | Identified the +10 great mace of Sunlight {vamp, Fragile
                  | Fly rC++ Will+}
 56699 | Depths:3 | Found Ahamosomes's Book Shop.
 56699 | Depths:3 | Found Xoweez's Jewellery Shoppe.
 56701 | Depths:3 | Found Zozxodet's Jewellery Shoppe.
 56860 | Depths:3 | You fall into a shaft and drop 1 floor!
 57074 | Depths:4 | Identified the +5 battleaxe "Liapurhuh" {vorpal, rF+} (Trog
                  | gifted it to you on level 4 of the Depths)
 57074 | Depths:4 | Received a gift from Trog
 57350 | Depths:4 | Found Aliabe's Jewellery Shop.
 58506 | Depths:3 | Received a gift from Trog
 58770 | Depths:4 | Found a hide-covered altar of Uskayaw.
 59492 | Depths:5 | Entered Level 5 of the Depths
 59507 | Depths:5 | Noticed the Enchantress
 59513 | Depths:5 | Noticed a juggernaut
 59609 | Depths:5 | Found a magical portal.
 59621 | WizLab   | Entered The Roulette of Golubria
 59621 | WizLab   | Found a transporter.
 59646 | WizLab   | Found a corrupted altar of Lugonu.
 59669 | WizLab   | Found a transporter.
 59684 | WizLab   | Found a corrupted altar of Lugonu.
 59710 | WizLab   | Found the +1 cloak of Starlight {*Dazzle EV+4 Stlth--}
 59739 | WizLab   | Found a transporter.
 59772 | WizLab   | Found a transporter.
 59772 | WizLab   | Found a transporter.
 59840 | WizLab   | Found a transporter.
 59860 | WizLab   | Found a transporter.
 59866 | WizLab   | Found a corrupted altar of Lugonu.
 59905 | WizLab   | Found a transporter.
 59981 | WizLab   | Found a transporter.
 60137 | WizLab   | Found a transporter.
 60169 | WizLab   | Found a transporter.
 60169 | WizLab   | Found a transporter.
 60219 | WizLab   | Found a transporter.
 60223 | WizLab   | Found a transporter.
 60251 | WizLab   | Identified the +0 cloak of Heresy {rPois rC- rN+}
 60257 | WizLab   | Identified the +1 cloak of Pan-Flutes {Fly rElec}
 60271 | WizLab   | Identified the +4 cloak of Cloud Cover {MP-9 Int+5 SInv
                  | Stlth+}
 60299 | WizLab   | Found a transporter.
 60433 | WizLab   | Found a transporter.
 60445 | WizLab   | Received a gift from Trog
 60461 | WizLab   | Found a transporter.
 60461 | WizLab   | Found a transporter.
 60467 | WizLab   | Cast into level 2 of the Abyss (a wizard)
 60519 | WizLab   | Escaped the Abyss
 60566 | Depths:5 | Killed a juggernaut
 60566 | Depths:5 | Killed the Enchantress
 60596 | Depths:5 | Reached XP level 24. HP: 251/258 MP: 22/22
 60877 | Depths:5 | Found a gate to the Realm of Zot.
 61920 | Shoals:2 | Gained mutation: You have large cloven feet. [evolution]
 61951 | Shoals:2 | Received a gift from Trog
 62098 | Shoals:2 | Cast into level 2 of the Abyss (merfolk)
 62110 | Abyss:2  | Found a corrupted altar of Lugonu.
 62121 | Shoals:2 | Escaped the Abyss
 62167 | Shoals:2 | Cast into level 2 of the Abyss (merfolk)
 62187 | Shoals:2 | Escaped the Abyss
 62221 | Shoals:2 | Killed Ilsuiw
 62248 | Shoals:2 | Killed Polyphemus
 62487 | Shoals:3 | Found a large runed translucent door.
 62487 | Shoals:3 | Found a large runed translucent door.
 62488 | Shoals:3 | Noticed tilp's ghost (adept GrEE)
 62832 | Shoals:3 | Acquired 830 gold pieces
 62925 | Shoals:3 | Found Muoritunk's Antique Weapon Shop.
 63219 | Shoals:4 | Entered Level 4 of the Shoals
 63592 | Shoals:4 | Identified the +4 battleaxe of Dissent {vorpal, *Noise
                  | rN+++ Dex-3 Stlth+} (Trog gifted it to you on level 4 of
                  | the Shoals)
 63592 | Shoals:4 | Received a gift from Trog
 63598 | Shoals:4 | Got a barnacled rune of Zot
 64697 | Vaults:5 | Entered Level 5 of the Vaults
 64729 | Vaults:5 | Noticed Bai Suzhen
 64807 | Vaults:5 | Killed Bai Suzhen
 64822 | Vaults:4 | Reached XP level 25. HP: 131/271 MP: 22/22
 65339 | Vaults:5 | Noticed an ancient lich
 65361 | Vaults:5 | Killed an ancient lich
 65583 | Vaults:5 | Got a silver rune of Zot
 65881 | Vaults:5 | Paralysed by a sphinx for 2 turns
 65898 | Vaults:5 | Identified the +6 battleaxe of Contention {vorpal, rElec}
                  | (Trog gifted it to you on level 5 of the Vaults)
 65898 | Vaults:5 | Received a gift from Trog
 66008 | Vaults:5 | Identified the ring "Wiank" {rPois EV+4 Str-5 Int+7}
 66038 | Vaults:5 | Found the +6 shillelagh "Devastator" {shatter}
 66601 | Vaults:5 | Identified the +0 helmet of Shielding {Int+2 Stlth+}
 67199 | Slime:1  | Entered Level 1 of the Pits of Slime
 67215 | Slime:1  | Gained mutation: Potions are less effective at restoring
                  | your health. [a shining eye]
 67217 | Slime:1  | Gained mutation: You are clumsy. (Dex -2) [a shining eye]
 67219 | Slime:1  | Gained mutation: Your magical capacity is low. (-10% MP) [a
                  | shining eye]
 67301 | Slime:5  | Entered Level 5 of the Pits of Slime
 67348 | Slime:5  | Gained mutation: You are very clumsy. (Dex -4) [a shining
                  | eye]
 67367 | Slime:5  | Noticed the Royal Jelly
 67527 | Slime:5  | Killed the Royal Jelly
 67544 | Slime:5  | Gained mutation: Armour fits poorly on your strangely
                  | shaped body. [a shining eye]
 67555 | Slime:5  | Gained mutation: You sometimes lose the ability to read
                  | scrolls when taking damage. [a shining eye]
 67634 | Slime:4  | Gained mutation: Your spells are a little harder to cast,
                  | but a little more powerful. [evolution]
 67688 | Slime:5  | Found the +8 demon trident "Rift" {distort, reach+}
 67750 | Slime:5  | Identified the amulet of Gacug {RegenMP Int-2 Dex+3 Stlth+}
 67753 | Slime:5  | Got a slimy rune of Zot
 68074 | Elf:1    | Entered Level 1 of the Elven Halls
 68195 | Elf:1    | Found a runed translucent door.
 68210 | Elf:1    | Noticed Crownlay's ghost (adept DrCj)
 68359 | Elf:1    | Cast into level 2 of the Abyss (+2 hand axe of distortion)
 68502 | Abyss:2  | Reached XP level 26. HP: 237/290 MP: 19/19
 68738 | Abyss:2  | Identified the +7 war axe of Meen {antimagic, rPois rC+}
                  | (Trog gifted it to you on level 2 of the Abyss)
 68738 | Abyss:2  | Received a gift from Trog
 68764 | Abyss:2  | Paralysed by accursed screaming for 2 turns
 68784 | Abyss:2  | Lost mutation: You are very clumsy. (Dex -4) [potion of
                  | mutation]
 68784 | Abyss:2  | Lost mutation: You sometimes lose the ability to read
                  | scrolls when taking damage. [potion of mutation]
 68784 | Abyss:2  | Lost mutation: You are clumsy. (Dex -2) [potion of
                  | mutation]
 68785 | Abyss:2  | Lost mutation: You have large cloven feet. [potion of
                  | mutation]
 68785 | Abyss:2  | Lost mutation: Your spells are a little harder to cast, but
                  | a little more powerful. [potion of mutation]
 68785 | Abyss:2  | Lost mutation: You are partially covered in iridescent
                  | scales. (AC +2) [potion of mutation]
 68785 | Abyss:2  | Gained mutation: Your muscles are strong. (Str +2) [potion
                  | of mutation]
 68785 | Abyss:2  | Gained mutation: Your body sometimes deteriorates upon
                  | taking damage. [potion of mutation]
 68785 | Abyss:2  | Gained mutation: You are very robust. (+20% HP) [potion of
                  | mutation]
 68786 | Abyss:2  | Lost mutation: Your body sometimes deteriorates upon taking
                  | damage. [potion of mutation]
 68786 | Abyss:2  | Lost mutation: You are very robust. (+20% HP) [potion of
                  | mutation]
 68786 | Abyss:2  | Lost mutation: Armour fits poorly on your strangely shaped
                  | body. [potion of mutation]
 68786 | Abyss:2  | Lost mutation: Your magical capacity is low. (-10% MP)
                  | [potion of mutation]
 68786 | Abyss:2  | Gained mutation: A frigid envelope surrounds you and
                  | freezes all who hurt you. [potion of mutation]
 68787 | Abyss:2  | Lost mutation: You are robust. (+10% HP) [potion of
                  | mutation]
 68787 | Abyss:2  | Lost mutation: Potions are less effective at restoring your
                  | health. [potion of mutation]
 68787 | Abyss:2  | Gained mutation: You have large cloven feet. [potion of
                  | mutation]
 68787 | Abyss:2  | Gained mutation: Your spells are a little harder to cast,
                  | but a little more powerful. [potion of mutation]
 68824 | Abyss:2  | Paralysed by accursed screaming for 2 turns
 68851 | Abyss:2  | Paralysed by accursed screaming for 1 turns
 68973 | Elf:1    | Escaped the Abyss
 69025 | Elf:1    | Cast into level 2 of the Abyss (a deep elf sorcerer)
 69064 | Elf:1    | Escaped the Abyss
 69871 | Elf:2    | Received a gift from Trog
 70005 | Elf:2    | Found Nisof's Distillery.
 70007 | Elf:2    | Found the +8 mithril axe "Arga" {speed, Will+}
 70022 | Elf:2    | Bought a potion of lignification for 33 gold pieces
 70022 | Elf:2    | Bought a potion of curing for 33 gold pieces
 70022 | Elf:2    | Bought a potion of curing for 33 gold pieces
 70022 | Elf:2    | Bought a potion of heal wounds for 55 gold pieces
 70022 | Elf:2    | Bought a potion of curing for 33 gold pieces
 70022 | Elf:2    | Bought 2 potions of lignification for 66 gold pieces
 70022 | Elf:2    | Bought a potion of curing for 33 gold pieces
 70048 | Elf:2    | Found a runed translucent gate.
 70056 | Elf:2    | Found a runed translucent gate.
 70058 | Elf:2    | Found a runed translucent gate.
 70089 | Elf:2    | Reached skill level 27 in Fighting
 70463 | Elf:2    | Paralysed by an air elemental for 1 turns
 70547 | Elf:2    | Received a gift from Trog
 70578 | Elf:3    | Entered Level 3 of the Elven Halls
 70636 | Elf:3    | Paralysed by an air elemental for 1 turns
 71206 | Elf:3    | Found a portal to a secret trove of treasure.
 71250 | Elf:3    | Found the +18 shield of the Gong {rElec rN+ Will+ EV-5}
 71253 | Elf:3    | Identified the +10 great sword of Iphyoser {spect, rN+
                  | Will++ Str+8 Stlth-}
 71261 | Elf:3    | Found the necklace of Bloodlust {*Rage +Rage Will++ Int-3
                  | Slay+6}
 71304 | Elf:3    | Identified the ring "Toacoxufo" {rElec rN++ EV+4 Int+4
                  | Dex-2}
 71313 | Elf:3    | Identified the +1 scale mail of the Little Devil {Contam
                  | Regen+ rCorr Dex+5}
 71314 | Elf:3    | Found the +2 hood of the Assassin {Detection Stab+ Stlth++}
 71316 | Elf:3    | Identified the +6 long sword of the Queen {freeze, Contam
                  | rF+ rCorr Int+3 Dex+3}
 71359 | Elf:3    | Identified the ring of Ceedgho {Drain rElec Will+ Int+4
                  | Stlth+}
 71934 | Pan      | Entered Pandemonium
 71967 | Pan      | Received a gift from Trog
 72825 | Pan      | Noticed Haopn the pandemonium lord
 72837 | Pan      | Killed Haopn the pandemonium lord
 72955 | Pan      | Reached skill level 1 in Throwing
 73524 | Pan      | Reached XP level 27. HP: 155/273 MP: 22/22
 74391 | Pan      | Identified the +1 tower shield of the Slug {rC++ Slay+6}
 74569 | Pan      | Reached skill level 5 in Throwing
 74771 | Pan      | Identified the +1 tower shield of Stoicism {rC+}
 74773 | Pan      | Found a glowing silver altar of Zin.
 75587 | Pan      | Identified the ring of Anof {Fly rN+ AC+4 Int+3}
 75587 | Pan      | Noticed a seraph
 75607 | Pan      | Killed a seraph
 75722 | Pan      | Identified the +2 robe of Loickeg {+Blink rN+}
 75745 | Pan      | Found a glowing golden altar of the Shining One.
 75768 | Pan      | Got a demonic rune of Zot
 76057 | Pan      | Found a white marble altar of Elyvilon.
 76103 | Pan      | Reached skill level 27 in Armour
 76319 | Depths:3 | Escaped Pandemonium
 76639 | D:6      | Fell from the grace of Trog
 76639 | D:6      | Became a worshipper of the Shining One
 76945 | Crypt:1  | Entered Level 1 of the Crypt
 77019 | Crypt:1  | Reached skill level 1 in Invocations
 77025 | Crypt:1  | Reached * piety under the Shining One
 77133 | Crypt:1  | Reached ** piety under the Shining One
 77193 | Crypt:1  | Found a basalt altar of Yredelemnul.
 77238 | Crypt:1  | Identified the ring of Gotucim {+Blink rN+ rCorr Int+6
                  | Dex-2}
 77373 | Crypt:1  | Reached *** piety under the Shining One
 77674 | Crypt:1  | Reached **** piety under the Shining One
 77871 | Crypt:1  | Reached skill level 10 in Throwing
 78048 | Crypt:1  | Reached ***** piety under the Shining One
 78157 | Crypt:2  | Reached skill level 5 in Invocations
 78445 | Crypt:2  | Reached ****** piety under the Shining One
 78742 | Crypt:3  | Entered Level 3 of the Crypt
 79234 | Crypt:3  | Found an ancient bone altar of Kikubaaqudgha.
 79396 | Crypt:3  | Noticed an ancient lich
 79401 | Crypt:3  | Noticed an ancient lich
 79416 | Crypt:3  | Killed an ancient lich
 79422 | Crypt:3  | Killed an ancient lich
 79432 | Crypt:3  | Identified the ring of Keecu {rElec rC+ rN+ SInv}
 79463 | Crypt:3  | Identified the +6 ring mail "Nomiytz" {rN+ Regen+ Str-2}
 79761 | Crypt:3  | Noticed Margery
 79780 | Crypt:3  | Killed Margery
 79792 | Crypt:3  | Noticed a royal mummy
 79814 | Crypt:3  | Killed a royal mummy
 79946 | Crypt:3  | Noticed Frederick
 79953 | Crypt:3  | Killed Frederick
 79997 | Crypt:3  | Reached skill level 10 in Invocations
 80052 | Crypt:3  | Found a staircase to the Tomb.
 80313 | Crypt:3  | Identified a +9 executioner's axe of holy wrath (a +9
                  | executioner's axe of electrocution blessed by the Shining
                  | One)
 80313 | Crypt:3  | Received a gift from the Shining One
 80779 | Pan      | Entered Pandemonium
 80896 | Pan      | Found a transporter.
 80970 | Pan      | Found a transporter.
 81002 | Pan      | Found an exit through the horrors of the Abyss.
 81160 | Pan      | Entered the realm of Gloorx Vloq.
 81165 | Pan      | Noticed Gloorx Vloq
 81518 | Pan      | Paralysed by Trog for 2 turns
 81649 | Pan      | Killed Gloorx Vloq
 81791 | Pan      | Got a dark rune of Zot
 82091 | Pan      | Gained mutation: You are frail. (-10% HP) [a cacodemon]
 82113 | Pan      | Entered the realm of Cerebov.
 83075 | Pan      | Identified the +11 eveningstar "Zash" {freeze, *Corrode
                  | Str+4 Dex+9 SInv}
 83075 | Pan      | Identified the ring "Ciwu" {rF++ rC+ Will+ Int-2 SInv}
 83431 | Pan      | Found the +6 sword of Cerebov {flame}
 83431 | Pan      | Noticed Cerebov
 83550 | Pan      | Killed Cerebov
 83551 | Pan      | Reached skill level 27 in Dodging
 83742 | Pan      | Reached skill level 15 in Invocations
 83862 | Pan      | Got a fiery rune of Zot
 83934 | Pan      | Gained mutation: You are partially covered in iridescent
                  | scales. (AC +2) [evolution]
 84050 | Pan      | Identified the +4 mace of Brawling {spect, Dex+2}
 84324 | Pan      | Noticed Yditteut the pandemonium lord
 84332 | Pan      | Killed Yditteut the pandemonium lord
 84699 | Pan      | Noticed Emiypn the pandemonium lord
 84705 | Pan      | Killed Emiypn the pandemonium lord
 84751 | Pan      | Found a runed translucent door.
 84756 | Pan      | Entered the realm of Mnoleg.
 84950 | Pan      | Gained mutation: You sometimes lose the ability to read
                  | scrolls when taking damage. [a cacodemon]
 84956 | Pan      | Gained mutation: You do not regenerate when monsters are
                  | visible. [a cacodemon]
 84993 | Pan      | Gained mutation: Your body sometimes deteriorates upon
                  | taking damage. [a neqoxec]
 85106 | Pan      | Noticed Mnoleg
 85107 | Pan      | Gained mutation: You are agile. (Dex +2) [a neqoxec]
 85118 | Pan      | Killed Mnoleg
 85122 | Pan      | Gained mutation: You are very frail. (-20% HP) [a neqoxec]
 85123 | Pan      | Lost intelligence.
 85123 | Pan      | Gained mutation: You are dopey. (Int -2) [a cacodemon]
 85129 | Pan      | Gained mutation: Armour fits poorly on your strangely
                  | shaped body. [a neqoxec]
 85139 | Pan      | Got a glowing rune of Zot
 85147 | Pan      | Gained mutation: You are extremely frail. (-30% HP) [a
                  | neqoxec]
 85184 | Pan      | Found an exit through the horrors of the Abyss.
 85188 | Pan      | Lost mutation: You are partially covered in iridescent
                  | scales. (AC +2) [a neqoxec]
 85222 | Pan      | Lost mutation: You evolve. [potion of mutation]
 85222 | Pan      | Lost mutation: Your muscles are strong. (Str +2) [potion of
                  | mutation]
 85222 | Pan      | Gained mutation: You are somewhat resistant to further
                  | mutation. [potion of mutation]
 85223 | Pan      | Lost mutation: Your body sometimes deteriorates upon taking
                  | damage. [potion of mutation]
 85223 | Pan      | Lost mutation: Your spells are a little harder to cast, but
                  | a little more powerful. [potion of mutation]
 85223 | Pan      | Gained mutation: You are strong-willed. (Will+) [potion of
                  | mutation]
 85275 | Pan      | Slain by a stone giant

Illustrated notes

Levels and vault maps discovered:
D:1:      giann_horns, layout_basic
D:2:      wad_lake_hut, layout_basic, shapermc_ecumenical_altar_starsandcircs,
          fountainhead, corner_web_ring, uniq_terence, uniq_sigmund
D:3:      layout_loops_ring, marbit_many_paths, mainiacjoe_overflow_alcove_4,
          mainiacjoe_overflow_boulevard, uniq_grinder, uniq_natasha, uniq_robin
D:4:      gammafunk_wand_slinger, layout_gridville, st_stairs_4,
          grunt_ministairs_7
D:5:      layout_gridville, zin_academy, jmf_multi_god_temple
D:6:      layout_loops_cross, nicolae_tso_carved_into_rock,
          minmay_temple_entry_butterflies, serial_shops, kennysheep_little_box
D:7:      layout_cave_pools, mainiacjoe_overflow_paths,
          nzn_wu_jian_council_hall, nzn_hepliaklqana_mist_gate,
          gup_ossuary_entry_pyramid, grunt_tough_drop, uniq_pikel
D:8:      layout_rooms
D:9:      layout_loops_ring, kennysheep_mini_moat, erik_lair_island
D:10:     layout_basic, mainiacjoe_overflow_catch_the_wave,
          kennysheep_generic_room_8
D:11:     layout_loops_ring
D:12:     layout_roguey, enter_bailey_2, nicolae_qazlal_eye_of_the_storm
D:13:     layout_big_octagon, ximxim_vaults_locker_room, gauntlet_entry_generic,
          nicolae_ashenzari_panopticon, uniq_erolcha, uniq_rupert, uniq_azrael
D:14:     minmay_mutant_horseshoe, layout_basic, hangedman_decor_peaks_small
D:15:     grunt_enter_depths_snipers, layout_stronghold, uniq_josephine
Lair:1:   layout_cave_pods, gammafunk_ghost_abyssal_escape, uniq_urug,
          uniq_nergalle, uniq_sonja
Lair:2:   layout_small_grid
Lair:3:   beast_lair_carwin_large_3, layout_loops_ring, serial_rivers,
          chequers_serial_rivers_micro_b, chequers_serial_rivers_large_a,
          chequers_serial_rivers_small_3, chequers_serial_rivers_micro_a,
          chequers_serial_rivers_micro_e, chequers_serial_rivers_micro_e,
          chequers_serial_rivers_room_a
Lair:4:   layout_roguey, minmay_shoals_entry_lonely_mermaid,
          minmay_snake_entry_six_corridors, pond, lemuel_fruit_tree
Lair:5:   layout_big_grid, dpeg_slime_entry_enclosed_altar,
          serial_bayou_shore_a, minmay_lair_oklob_chamber
Lair:6:   minmay_lair_end_enchanted_forest, layout_gridlike,
          ebering_ghost_rock_garden, chequers_serial_rivers_large_b
Shoals:1: layout_shoals
Shoals:2: layout_shoals, st_shoals_ruin, uniq_polyphemus, uniq_roxanne,
          uniq_ilsuiw
Shoals:3: layout_shoals, ebering_ghost_disaster_area, serial_shops, shop
Shoals:4: shoals_end_hangedman, layout_shoals
Snake:1:  layout_misc_corridors, basic_altar, evilmike_ambush
          [evilmike_ambush_outer_basic, evilmike_ambush_inner_basic],
          grunt_megastairs_3, uniq_asterion
Snake:2:  layout_onion_interference
Snake:3:  layout_misc_corridors, nicolae_take_the_stairs,
          nicolae_snake_gridmaze_waves, grunt_megastairs_4, minmay_shop_star
Snake:4:  snake_pit_salamanders_mu, layout_cave_town, basic_altar,
          statue_in_the_mist_lemuel, st_stairs_6, nicolae_snake_gridmaze_swirls,
          hangedman_snake_thin_pillar_pass, hangedman_venom_bottle
Slime:1:  layout_caves
Slime:2:  layout_caves, cheibrodos_slime_lost_civilization_7, uniq_dissolution
Slime:3:  layout_caves
Slime:4:  layout_caves
Slime:5
Orc:1:    layout_caves, basic_altar, kennysheep_orc_sif_temple
Orc:2:    pf_orc_diabolical, layout_caves, mines_bat_river, uniq_jorgrun
Elf:1:    layout_onion_city, ebering_ghost_inner_flame, hangedman_elf_disciples
Elf:2:    elven_hall_of_blades_hangedman_original [mumra_blade_entry_bloodbath],
          layout_geoelf_grid, serial_shops, nicolae_stop_n_shop_2
Elf:3:    minmay_elf_hall_quartered_circle, layout_loops_cross,
          nicolae_trove_entry_diagonal
Vaults:1: nicolae_vaults_angled_halls, kb_rosetta,
          nicolae_vaults_ninety_degrees, v_pattern_1,
          ontoclasm_vaults_ring_square, v_misc_26,
          nicolae_vaults_little_squares_4, hangedman_vaults_restitches,
          vaults_room_ringed_pool, v_rooms_6, vaults_room_pools,
          vaults_room_door_ring, vaults_mumra_hexcomb,
          layout_vaults_maze_snakey, serial_shops, nicolae_square_shop
Vaults:2: v_rooms_6, v_misc_28, hangedman_vaults_cutoff,
          nicolae_vaults_circle_grid_b, grunt_vaults_funnel, v_misc_30,
          nicolae_vaults_theta, vaults_room_door_ring, ontoclasm_vaults_spin,
          nicolae_vaults_little_squares_4, vaults_room_pools,
          layout_vaults_big_room, serial_shops, shop_fountains, uniq_xtahua
Vaults:3: minmay_crypt_entry_simple_corners, serial_ice_b,
          nicolae_vaults_sealed_display, vaults_room_stairs_pillars,
          vaults_room_pools, vaults_room_mumra_shop_pool,
          grunt_vaults_hallway_short, layout_vaults_omnigrid
Vaults:4: vaults_dpeg_diagonal, ontoclasm_vaults_ring_small,
          nicolae_vaults_arrows, st_more_cells, vaults_mumra_hex,
          hangedman_vaults_stagger, nicolae_vaults_windows_and_doors_thing,
          v_misc_25, nicolae_vaults_little_squares_6, v_misc_19, v_misc_12,
          v_misc_28, layout_vaults_big_cross, uniq_mara, uniq_sojobo
Vaults:5: serial_shops, uniq_bai_suzhen
Crypt:1:  gammafunk_crypt_yreds_forest, layout_gridlike, minicrypt_bobbens,
          grunt_crypt_arrival_split
Crypt:2:  layout_chaotic_city, grunt_megastairs_2
Crypt:3:  evilmike_haunted_forest, uniq_frederick, uniq_margery
Depths:1: layout_basic, kennysheep_big_empty_room,
          pf_vacation_house_of_asmodeus, serial_shops, nicolae_shop_waterfront,
          shop, nicolae_ru_the_path_less_chosen, minmay_shoptagon
Depths:2: kennysheep_ogre_elephant_herders, layout_small_grid, enter_ziggurat_e,
          pf_coc_iceberg, minmay_guarded_unrand_curses, grunt_megastairs_5
Depths:3: gammafunk_mikee_crab_dinner, layout_cave_shapes,
          grunt_pan_entry_spiral, hell_entry, serial_glass, glass_columns_a,
          glass_columns_c, minmay_strange_pillars, minmay_staircase_bubble,
          minmay_shop_grove, uniq_saint_roka
Depths:4: regret_index_uskayaw_diablada_macabre, layout_basic, abyss_entry,
          grunt_pan_entry_zigzag, hell_entry, chequers_serial_rivers_micro_c,
          minmay_shop_enchanted_jewellery, grunt_megastairs_1
Depths:5: grunt_zot_entry_tricorne, layout_cave_shapes, grunt_mini_vestibule,
          infiniplex_enter_wizlab_water, minivault_14, nicolae_lava_and_water,
          uniq_enchantress
Pan:      evilmike_mini_pan_T, layout_basic, nicolae_pan_cerebovesque_3,
          nicolae_pan_double_arrow, layout_basic, nicolae_pan_mnolegish_2,
          evilmike_holy_pan, evilmike_mini_pan_3x3, layout_grid_shapes,
          pan_blood_fountain, pan_blood_fountain_small, nicolae_pan_mnolegish_1,
          pan_surprise, evilmike_mini_pan_doors_b, layout_gridville,
          pan_blood_fountain, nicolae_pan_lom_lobonic_3,
          gammafunk_dig_for_victory, layout_long_grid, nicolae_pan_sigil_uleosi,
          gammafunk_its_a_trap, layout_grid_shapes, uniq_mennas_pan,
          pan_blood_fountain_small, gloorx_vloq_st, layout_basic,
          evilmike_mini_pan_diamond, layout_basic, pan_blood_fountain_small,
          evilmike_cerebov_lava, layout_gridlike, nicolae_pan_door_chamber,
          layout_gridlike, pan_blood_fountain, regret_index_pan_draining_boxed,
          layout_gridlike, pan_blood_fountain_small, nicolae_pan_cerebovesque_2,
          mnoleg, layout_stronghold, rand_demon_8, layout_pan_divisions_a
          [pan_division_quadrant_a3, pan_division_quadrant_a2,
          pan_division_quadrant_a4, pan_division_quadrant_a2,
          pan_division_octagon_empty], pan_blood_fountain_small,
          pan_blood_fountain, reaverb_pan_figure_eight

Skill      XL: |  1  2  3  4  5  6  7  8  9 10 11 12 13 14 15 16 17 18 19 20 21 22 23 24 25 26 27 |
---------------+----------------------------------------------------------------------------------+-----
Axes           | 4 5 6 8 9 11 14 18 20 21 23 24 26 | 26.5
Fighting       | 4 5 6 7 8 10 13 15 16 17 19 20 21 22 23 24 26 27 | 27.0
Armour         | 3 4 5 6 7 8 10 12 13 17 19 20 21 22 23 24 26 27 | 27.0
Dodging        | 3 4 6 7 8 10 11 12 14 15 16 17 18 19 20 21 23 27 | 27.0
Throwing       | 1 10 | 10.0
Invocations    | 17 | 17.9

Action                   |  1- 3 |  4- 6 |  7- 9 | 10-12 | 13-15 | 16-18 | 19-21 | 22-24 | 25-27 || total
-------------------------+-------+-------+-------+-------+-------+-------+-------+-------+-------++-------
Melee: Hand axe          |    47 |    97 |   287 |       |       |       |       |       |       ||   431
       Headbutt          |     6 |    16 |    79 |   109 |   119 |   153 |   487 |   536 |   845 ||  2350
       War axe           |       |       |    62 |   383 |       |       |       |       |       ||   445
       Battleaxe         |       |       |       |    53 |   582 |   485 |  1406 |       |       ||  2526
       Executioner's axe |       |       |       |       |       |       |       |  1591 |  2551 ||  4142
Invok: Berserk           |     2 |     4 |     6 |    17 |     7 |    13 |     8 |     3 |     3 ||    63
       Trog's Hand       |       |     2 |       |     6 |     9 |    12 |    16 |    19 |    40 ||   104
       Brothers in Arms  |       |       |     2 |     9 |    13 |     2 |    10 |     4 |    16 ||    56
       Cleansing Flame   |       |       |       |       |       |       |       |       |    13 ||    13
       Summon Divine War |       |       |       |       |       |       |       |       |     3 ||     3
       Brand Weapon With |       |       |       |       |       |       |       |       |     1 ||     1
Evoke: Wand              |       |       |       |       |       |       |       |       |     6 ||     6
  Use: Scroll            |       |     6 |     1 |    21 |    15 |    10 |    16 |    10 |    19 ||    98
       Potion            |       |       |       |     7 |     5 |     2 |    14 |     3 |    39 ||    70
 Stab: Sleeping          |       |     1 |       |       |       |       |       |       |       ||     1
       Distracted        |       |       |       |       |     1 |       |       |       |     4 ||     5
       Invisible         |       |       |       |       |       |       |     2 |    55 |    46 ||   103
       Petrified         |       |       |       |       |       |       |       |     6 |       ||     6
Armor: Animal skin       |    16 |     3 |       |       |       |       |       |       |       ||    19
       Chain mail        |       |    38 |    32 |    83 |   207 |    31 |       |       |       ||   391
       Skin              |       |     1 |       |     1 |       |       |       |       |       ||     2
       Plate armour      |       |       |   131 |   117 |       |       |       |       |       ||   248
       Ring mail         |       |       |       |     7 |       |       |       |       |       ||     7
       Crystal plate arm |       |       |       |       |       |   418 |   842 |  1160 |  1073 ||  3493
Dodge: Dodged            |    35 |    52 |   148 |   240 |   306 |   387 |   845 |  1449 |  2581 ||  6043
       Repelled          |       |       |       |       |       |    51 |    54 |    15 |       ||   120
